 Dungeon Crawl Stone Soup version 0.17-a0-1667-g4ca74a1 (webtiles) character file.

127 Steppips the Shield-Bearer (level 5, 0/42 HPs)
             Began as a Formicid Fighter on Aug 17, 2015.
             Slain by a centaur (8 damage)
             ... on level 3 of the Dungeon.
             The game lasted 00:05:42 (2425 turns).

Steppips the Shield-Bearer (Formicid Fighter)       Turns: 2425, Time: 00:05:42

Health: 0/42       AC:  7    Str: 20    XL:     5   Next: 33%
Magic:  5/5        EV: 14    Int:  8    God:
Gold:   98         SH:  0    Dex: 16    Spells: 0 memorised, 4 levels left

rFire  . . .     SeeInvis +     a - +0 war axe
rCold  . . .     Clarity  .     b - +0 scale mail
rNeg   . . .     SustAt   .     (no shield)
rPois  .         Gourm    .     (helmet unavailable)
rElec  .         Spirit   .     (no cloak)
rCorr  .         Warding  .     (no gloves)
rMut   .         Stasis   +     (no boots)
MR     .....                    (no amulet)
Stlth  +.........               (no ring)
                                (no ring)

@: agile, not resistant to hostile enchantments, very unstealthy
A: permanent stasis, dig shafts and tunnels, four strong arms, antennae 3
a: Dig, Shaft Self


You were on level 3 of the Dungeon.
You were not hungry.

You visited 1 branch of the dungeon, and saw 3 of its levels.

You collected 98 gold pieces.

Inventory:

Hand weapons
 a - a +0 war axe (weapon)
Armour
 b - a +0 scale mail (worn)
 c - a +0 shield
 m - a +0 shield
Scrolls
 g - 2 scrolls of identify {unknown}
 h - 2 scrolls of remove curse {unknown}
 i - a scroll of fear {unknown}
 j - a scroll of fog {unknown}
 l - 2 scrolls of teleportation {unknown}
 o - 3 scrolls of enchant armour {unknown}
 p - a scroll of recharging {unknown}
 q - a scroll of blinking {unknown}
Potions
 d - 3 potions of might
 f - 2 potions of degeneration {unknown}
 k - 3 potions of cancellation {unknown}
 n - 2 potions of agility
 r - a potion of poison {unknown}
 s - a potion of heal wounds {unknown}
Comestibles
 e - 3 bread rations
 t - a meat ration
 u - a beef jerky


   Skills:
 + Level 4.1 Fighting
 + Level 2.7 Axes
 + Level 4.3 Armour
 * Level 4.8 Shields


You had 4 spell levels left.
You didn't know any spells.

Dungeon Overview and Level Annotations

Branches:
Dungeon (3/15)

Altars:
Cheibriados
Xom


Innate Abilities, Weirdness & Mutations

You are under a permanent stasis effect.
You can dig through walls and to a lower floor.
Your four strong arms can wield two-handed weapons with a shield.
You have a pair of large antennae on your head (SInv).


Message History

The centaur hits you.
You slash the centaur!
The centaur is heavily wounded.
The centaur closely misses you. The centaur hits you.
Drink which item? (? for menu, Esc to quit)
It was a potion of agility.
You feel agile all of a sudden. The centaur completely misses you.
You hit the centaur but do no damage.
The centaur is heavily wounded.
The centaur completely misses you. The centaur misses you.
You hit the centaur but do no damage.
The centaur is heavily wounded.
The centaur barely misses you. x2
You hit the centaur but do no damage.
The centaur is heavily wounded.
The centaur hits you.
* * * LOW HITPOINT WARNING * * *
The centaur hits you!
You die...

#. ###. .....##. #..
.....##. ##.## #....##.
##...## #....##.
##.....## #.......
######.......## #.......
..............####..#...
#c@.(..............
#####(.#######....( #.##
#...>.. #.# #.#.### #.#
#.#.# # _#.# #...# #
.#### ##### 8##


You could see a centaur.

Vanquished Creatures
  Ijyb (D:3)
  2 adders (D:2)
  3 giant geckos
  2 orcs (D:3)
  2 ball pythons
  6 bats
  5 giant cockroaches
  6 goblins
  13 hobgoblins
  2 jackals (D:3)
  10 kobolds
  8 giant newts
  A quokka (D:3)
  10 rats
71 creatures vanquished.

Notes
Turn   | Place    | Note
--------------------------------------------------------------
     0 | D:1      | Steppips the Formicid Fighter began the quest for the Orb.
     0 | D:1      | Reached XP level 1. HP: 18/18 MP: 1/1
    65 | D:1      | Reached XP level 2. HP: 18/24 MP: 2/2
    67 | D:1      | Reached skill level 4 in Shields
   332 | D:1      | Found a snail-covered altar of Cheibriados.
   704 | D:1      | Reached XP level 3. HP: 28/30 MP: 3/3
  1416 | D:2      | Reached XP level 4. HP: 33/37 MP: 4/4
  2251 | D:3      | Noticed Ijyb
  2265 | D:3      | Killed Ijyb
  2265 | D:3      | Reached XP level 5. HP: 38/42 MP: 5/5
  2412 | D:3      | Found a shimmering altar of Xom.
  2414 | D:3      | Noticed a centaur
  2425 | D:3      | Slain by a centaur

Vault maps used:
D:1:      dpeg_arrival_prison, cheibriados_altar_1
D:3:      nicolae_overflow_hidden_temple, first_bread,
          kennysheep_generic_room_14, uniq_iyjb

Action                   |  1- 3 |  4- 6 || total
-------------------------+-------+-------++-------
Melee: War axe           |   107 |    90 ||   197
  Use: Potion            |       |     1 ||     1
  Eat: Chunk             |     2 |     3 ||     5
